 Dungeon Crawl Stone Soup version 0.19-a0-559-ga3d69d0 (webtiles) character file.

262 benitares the Insei (level 5, 0/41 HPs)
             Began as a Demonspawn Monk on June 8, 2016.
             Slain by an orc wizard
             ... wielding a +0 dagger
              (3 damage)
             ... on level 4 of the Dungeon.
             The game lasted 00:04:04 (3318 turns).

benitares the Insei (Demonspawn Monk)               Turns: 3318, Time: 00:04:05

Health: 0/41       AC:  3    Str: 12    XL:     5   Next: 97%
Magic:  0/5        EV: 13    Int: 11    God:
Gold:   178        SH:  0    Dex: 16    Spells: 0 memorised, 4 levels left

rFire  . . .     SeeInvis .       - Unarmed
rCold  . . .     Gourm    .     a - +1 robe
rNeg   . . .     Faith    .     (no shield)
rPois  .         Spirit   +     (no helmet)
rElec  .         Dismiss  .     (no cloak)
rCorr  .         Reflect  .     (no gloves)
SustAt .         Harm     .     (no boots)
MR     .....                    (no amulet)
Stlth  ++........               (no ring)
                                (no ring)

@: not resistant to hostile enchantments, unstealthy
A: claws 1, magic shield
a: no special abilities


You were on level 4 of the Dungeon.
You were not hungry.

You visited 1 branch of the dungeon, and saw 4 of its levels.

You collected 178 gold pieces.

Inventory:

Armour
 a - a +1 robe (worn)
Jewellery
 e - an uncursed ring of resist corrosion {unknown}
 i - an uncursed ring of stealth {unknown}
 m - an uncursed ring of fire {unknown}
 o - an uncursed amulet of rage
Wands
 n - a wand of acid (7/15)
Scrolls
 c - 4 scrolls of remove curse
 g - 5 scrolls of identify
 h - 2 scrolls of enchant armour
 q - a scroll of fog {unknown}
Potions
 l - a potion of heal wounds {unknown}
 s - a potion of brilliance {unknown}
Comestibles
 b - 3 bread rations
 f - 2 meat rations
 p - 5 fruits


   Skills:
 - Level 3.0 Fighting
 - Level 2.6 Dodging
 - Level 1.7 Stealth
 + Level 6.6 Unarmed Combat


You had 4 spell levels left.
You didn't know any spells.

Dungeon Overview and Level Annotations

Branches:
Dungeon (4/15)
 Temple: D:4-7

Altars:
Ashenzari
Elyvilon
Okawaru


Innate Abilities, Weirdness & Mutations

You have sharp fingernails.
When hurt, damage is shared between your health and your magic reserves.


Message History

The orc wizard is almost dead.
The orc wizard closely misses you. The orc closely misses you.
You closely miss the orc wizard.
The orc wizard is almost dead.
The orc wizard looks braver for a moment.
The orc priest mumbles some strange prayers to Beogh against you.
Pain shoots through your body! The orc barely misses you. x2
You closely miss the orc wizard.
The orc wizard is almost dead.
The orc wizard hits you but does no damage.
The orc hits you with a flail!
* * * LOW HITPOINT WARNING * * *
The orc hits you with a dagger.
* * * LOW HITPOINT WARNING * * *
The orc completely misses you.
The orc wizard casts a spell.
The orc wizard flickers and vanishes!
Deactivating autopickup; reactivate with Ctrl-A.
You barely miss something. Something hits you.
You die...

.......# #......#
#......# . #......#
..... .. #...... #....
...####.... #...(
......ooo# ######....
......o@{######.........
.............##.........
.............##......#.$
.######.................
#.........≈....)..
#.......≈≈≈≈≈.≈[..
#.....####≈#≈#≈)..
#.....# ≈≈≈≈≈≈≈≈..
#######≈########..


You could see an orc priest and 3 orcs.

Vanquished Creatures
  An orc priest (D:4)
  A worker ant (D:4)
  An orc wizard (D:4)
  A hound skeleton (D:4)
  6 adders
  2 oozes
  3 worms
  4 dart slugs
  3 giant geckos
  3 orcs (D:4)
  6 bats
  2 giant cockroaches (D:3)
  10 goblins
  8 hobgoblins
  14 jackals
  9 kobolds
  A quokka (D:3)
  4 giant newts
  5 rats
84 creatures vanquished.

Notes
Turn   | Place    | Note
--------------------------------------------------------------
     0 | D:1      | benitares the Demonspawn Monk began the quest for the Orb.
     0 | D:1      | Reached XP level 1. HP: 18/18 MP: 1/1
    52 | D:1      | Reached skill level 4 in Unarmed Combat
    65 | D:1      | Gained mutation: You have sharp fingernails. [demonic ancestry]
    65 | D:1      | Reached XP level 2. HP: 14/24 MP: 2/2
   438 | D:1      | Reached XP level 3. HP: 29/29 MP: 3/3
   990 | D:2      | Reached skill level 5 in Unarmed Combat
  1001 | D:2      | Gained mutation: When hurt, damage is shared between your health and your magic reserves. [demonic ancestry]
  1001 | D:2      | Reached XP level 4. HP: 16/35 MP: 4/4
  2246 | D:3      | Found an iron altar of Okawaru.
  2405 | D:3      | Found a white marble altar of Elyvilon.
  2536 | D:3      | Found a shattered altar of Ashenzari.
  2626 | D:3      | Reached XP level 5. HP: 29/41 MP: 2/5
  3022 | D:4      | Reached skill level 6 in Unarmed Combat
  3318 | D:4      | Slain by an orc wizard

Vault maps used:
D:1:      evilmike_arrival_sounds_zot
D:3:      lemuel_crystal_altar, okawaru_trees_1, lemuel_round_altar
D:4:      nicolae_overflow_crystal_walls, enter_ossuary_3,
          lightli_sewer_entry_pipes

Skill      XL: |  1  2  3  4  5 |
---------------+----------------+-----
Unarmed Combat | 4 5 6 |  6.6
Fighting       | |  3.0
Dodging        | |  2.6
Stealth        | |  1.7

Action                   |  1- 3 |  4- 6 || total
-------------------------+-------+-------++-------
Melee: Unarmed           |    95 |   158 ||   253
       Punch             |     3 |     4 ||     7
  Use: Scroll            |       |     6 ||     6
       Potion            |       |     4 ||     4
 Stab: Sleeping          |     2 |     5 ||     7
  Eat: Chunk             |       |     8 ||     8
Armor: Robe              |    18 |    10 ||    28
       Skin              |       |     3 ||     3
Dodge: Dodged            |    65 |    97 ||   162
